 Dungeon Crawl Stone Soup version 0.31.0-11-ge490571c62 (webtiles) character file.

Game seed: 5839349901684586428

92 qw the Shooter (level 4, 0/25 HPs)
             Began as a Deep Elf Hunter on Feb 4, 2024.
             Frozen to death by an endoplasm (2 damage)
             ... on level 3 of the Dungeon.
             The game lasted 00:00:06 (1078 turns).

qw the Shooter (Deep Elf Hunter)                    Turns: 1078, Time: 00:00:07

Health: 0/25       AC:  5    Str: 10    XL:     4   Next: 35%
Magic:  6/6        EV: 11    Int: 14    God:
Gold:   180        SH:  0    Dex: 18    Spells: 3/3 levels left

rFire   . . .        a - +0 shortbow
rCold   . . .        (shield currently unavailable)
rNeg    + . .        i - +0 ring mail
rPois   .            (no helmet)
rElec   .            (no cloak)
rCorr   .            (no gloves)
SInv    .            (no boots)
Will    .....        (no amulet)
Stlth   +            k - ring of positive energy
HPRegen 0.24/turn    (no ring)
MPRegen 0.10/turn

%: no passive effects
@: attractive, invisible
A: no striking features
a: no special abilities


You were on level 3 of the Dungeon.
You visited 1 branch of the dungeon, and saw 3 of its levels.

You collected 180 gold pieces.


   Skills:
 - Level 1.5 Fighting
 + Level 7.8 Ranged Weapons
 - Level 2.4 Dodging
 - Level 1.2 Stealth


You had 3 spell levels left.
You didn't know any spells.
Your spell library was empty.

Inventory:

Hand Weapons
 a - a +0 shortbow (weapon)
Armour
 i - a +0 ring mail (worn)
Jewellery
 k - a ring of positive energy (left hand)
Wands
 f - a wand of paralysis (2)
Potions
 c - a potion of enlightenment
 d - a potion of haste
 g - a potion of mutation

Dungeon Overview and Level Annotations

Branches:
Dungeon (3/15)

Altars:
Dithmenos
Hepliaklqana
The Shining One


Message History

The orc wizard gestures wildly while chanting.
The orc wizard flickers and vanishes!
You shoot an arrow. You shoot an arrow.
Reactivating autopickup.
You feel a bit more experienced. Something hits you but does no damage.
Deactivating autopickup; reactivate with Ctrl-A.
You have reached level 4!
You feel clever.
You shoot an arrow. Something hits you.
You shoot an arrow.
You hear some strange, mumbled words.
You are confused.
1070 ||| DRINKING sedimented cyan potion.
It was a potion of attraction.
You feel attractive to monsters. Something hits you.
1071 ||| DRINKING bubbling green potion.
It was a potion of invisibility.
You fade into invisibility!
You hear some strange, mumbled words.
A puff of flame appears from out of thin air!
The puff of flame hits you! Something hits you but does no damage.
Something hits you but does no damage. Something hits you but does no damage.
You feel less confused. Something hits you but does no damage.
1076 ||| FLEEEEING.
You shoot an arrow.
You hear some strange, mumbled words.
A puff of flame appears from out of thin air!
The puff of flame hits you!
You hear some strange, mumbled words.
Something tries to affect you, but you resist.
You shoot an arrow. The arrow hits the endoplasm.
The endoplasm is moderately wounded.
The endoplasm freezes you.
You die...

.......#.#..
########.#.###
#.#.#.## #...#..
'###' #' #.#.#.#
.#.'. '.
###.#.##..#.# .#
#....'##'.# _.#
##...##.J#.#)..#.
#.....#.@#.J.?.')
#....''..{# '
#....##..#)......
#....##..#.......
#....####'###'###
####.# ... # ..#
#### #.# #.#


You could see an endoplasm.

Vanquished Creatures
  An orc wizard (D:3)
  An adder (D:2)
  A dart slug (D:1)
  A ribbon worm (D:2)
  2 orcs
  6 ball pythons
  8 endoplasms
  3 goblins
  3 hobgoblins
  10 kobolds
  2 quokkas
  2 bats
  8 frilled lizards
  3 rats
51 creatures vanquished.

Notes
Turn   | Place    | Note
-------+----------+-------------------------------------------
     0 | D:1      | qw the Deep Elf Hunter began the quest for the Orb.
     0 | D:1      | Reached XP level 1. HP: 12/12 MP: 3/3
     0 | D:1      | 0 ||| qw: Version: 0.3-a-160-g6735b56
     0 | D:1      | 0 ||| qw: Game counter: 4409
     0 | D:1      | 0 ||| qw: Melee chars always use a shield: true
     0 | D:1      | 0 ||| qw: God list: Okawaru
     0 | D:1      | 0 ||| qw: Allow faded altars: false
     0 | D:1      | 0 ||| qw: Do Orc after clearing Dungeon:15 true
     0 | D:1      | 0 ||| qw: Do second Lair branch before Depths: true
     0 | D:1      | 0 ||| qw: Lair rune preference: random
     0 | D:1      | 0 ||| qw: Goals: Normal
     0 | D:1      | 0 ||| PLANNING D:1-11
   126 | D:1      | Reached skill level 6 in Ranged Weapons
   126 | D:1      | Reached XP level 2. HP: 16/16 MP: 4/4
   503 | D:1      | 503 ||| UPGRADING to +0 ring mail.
   513 | D:1      | 513 ||| DROPPING +0 leather armour.
   514 | D:1      | 514 ||| UPGRADING to ring of positive energy.
   515 | D:1      | 515 ||| READING 2 scrolls labelled KOUCAREHIE.
   515 | D:1      | 515 ||| IDENTIFYING smoky white potion
   516 | D:1      | 516 ||| READING scroll of identify.
   516 | D:1      | 516 ||| IDENTIFYING green potion
   517 | D:1      | 517 ||| READING scroll labelled DAEROTSIHA.
   518 | D:1      | 518 ||| READING scroll labelled MIUTSI WENAUME.
   519 | D:1      | 519 ||| READING scroll labelled BISCHIZ SIUTU.
   520 | D:1      | 520 ||| READING scroll labelled BIBUTI MAPNO.
   521 | D:1      | 521 ||| READING scroll labelled MUNOXZ RYOCWI.
   525 | D:1      | 525 ||| DROPPING scroll of butterflies.
   526 | D:1      | 526 ||| DROPPING potion of magic.
   567 | D:2      | Found a glowing golden altar of the Shining One.
   569 | D:2      | Reached XP level 3. HP: 20/20 MP: 5/5
   636 | D:2      | Reached skill level 7 in Ranged Weapons
   869 | D:2      | 869 ||| DROPPING ring of flight.
   870 | D:2      | 870 ||| READING scroll of identify.
   870 | D:2      | 870 ||| IDENTIFYING emerald potion
   871 | D:2      | 871 ||| READING scroll labelled QIAKIOR XAIRCH.
   872 | D:2      | 872 ||| DRINKING 2 brown potions.
   989 | D:3      | Found a shadowy altar of Dithmenos.
  1057 | D:3      | Found a hazy altar of Hepliaklqana.
  1068 | D:3      | Reached XP level 4. HP: 25/25 MP: 6/6
  1070 | D:3      | 1070 ||| DRINKING sedimented cyan potion.
  1071 | D:3      | 1071 ||| DRINKING bubbling green potion.
  1076 | D:3      | 1076 ||| FLEEEEING.
  1077 | D:3      | HP: 1/25 [something/puff of flame (11)]
  1078 | D:3      | Frozen to death by an endoplasm

Levels and vault maps discovered:
D:1:      spicycebolla_arrival_xxxplode, layout_rooms, minivault_4
D:2:      layout_basic, basic_altar
D:3:      minmay_general_purpose_star, layout_basic,
          mainiacjoe_overflow_24_doors, mainiacjoe_overflow_surrounded_room,
          chequers_ecumenical_altar_twisty, minmay_starry_boxes

Skill      XL: |  1  2  3 |
---------------+----------+-----
Ranged Weapons | 6 7 |  7.8
Fighting       | |  1.5
Dodging        | |  2.4
Stealth        | |  1.2

Action                     |  1- 3 |  4- 6 || total
---------------------------+-------+-------++-------
   Fire: Shortbow          |   129 |     4 ||   133
    Use: Scroll            |     9 |       ||     9
         Potion            |     1 |     2 ||     3
 Armour: Leather armour    |    10 |       ||    10
         Ring mail         |     3 |     8 ||    11
  Dodge: Dodged            |    18 |       ||    18

Table legend:
 A = Non-vault XP
 B = Vault XP
 C = Vault XP percentage of total XP
 D = Non-vault monster count
 E = Vault monster count
 F = Vault count percentage of total count
                 A         B        C        D         E       F
            +---------+---------+-------+---------+---------+-------
      Total |     132 |       0 |   0.0 |      51 |       0 |   0.0
            +---------+---------+-------+---------+---------+-------
        D:1 |      39 |       0 |   0.0 |      24 |       0 |   0.0
        D:2 |      41 |       0 |   0.0 |      17 |       0 |   0.0
        D:3 |      52 |       0 |   0.0 |      10 |       0 |   0.0
            +---------+---------+-------+---------+---------+-------
